[Event "The Kvibergspelen 2023"]
[Site "Kviberg Park Hotel & Conference, Krutvagen 2, Gothenburg, Sweden"]
[Date "2023.09.15"]
[Round "4.7"]
[White "Akesson, Ralf"]
[Black "Bohman Karlholm, Adrian"]
[Result "1-0"]
[TimeControl "15 minutes + 5 seconds per move from move one (Round 1 - 4) / 90 minutes + 30 seconds per move from move one (Round 5 - 8)"]
[WhiteTitle "GM"]
[WhiteFideId "1700120"]
[BlackFideId "1720643"]
[WhiteElo "2410"]
[BlackElo "2134"]

1. d4 d5 2. c4 e6 3. Nc3 a6 4. cxd5 exd5 5. Nf3 Nf6 6. Bg5 Be6 7. e3 Nbd7 8. Bd3 Bd6 9. O-O c6 10.
Qc2 Qc7 11. Bh4 O-O 12. Bg3 h6 13. Na4 Rfe8 14. Rfc1 Ne4 15. Bxe4 dxe4 16. Nd2 Bd5 17. Nc3 Bxg3 18. hxg3 Nf6 19.
Nxd5 Nxd5 20. Nxe4 Qe7 21. Nc5 Nf6 22. Re1 Ng4 23. Qf5 Nf6 24. e4 Rad8 25. Rad1 b6 26. Nb3 Nxe4 27. g4 Qe6 28.
Qf4 Qd5 29. Qc7 b5 30. Rc1 Nf6 31. f3 Rxe1+ 32. Rxe1 Rd7 33. Qc8+ Kh7 34. Qxa6 Qc4 35. Rc1 Qe2 36. Qxc6 Qe3+ 37. Kh1 Re7 38. Qxb5 Qf2 39. Qf5+ Kg8 40.
g5 g6 41. Qc8+ Kh7 42. Qh3 Nh5 43. Nc5 Qxb2 44. Rg1 Qxd4 45. Ne4 Kg8 46. g4 Nf4 47. Nf6+ 1-0

[Event "The Kvibergspelen 2023"]
[Site "Kviberg Park Hotel & Conference, Krutvagen 2, Gothenburg, Sweden"]
[Date "2023.09.15"]
[Round "4.8"]
[White "Ollen, Martin"]
[Black "Ramsdal, Jens Albert"]
[Result "0-1"]
[TimeControl "15 minutes + 5 seconds per move from move one (Round 1 - 4) / 90 minutes + 30 seconds per move from move one (Round 5 - 8)"]
[BlackTitle "FM"]
[WhiteFideId "1718983"]
[BlackFideId "1429221"]
[WhiteElo "2143"]
[BlackElo "2391"]

1. e4 c5 2. Nf3 d6 3.
d4 cxd4 4. Nxd4 Nf6 5. Nc3 Nc6 6. Bg5 e6 7.
f3 a6 8.
Qd2 Bd7 9. O-O-O Nxd4 10. Qxd4 Be7 11. g4 Qc7 12. Bxf6 Bxf6 13. Qxd6 Qxd6 14. Rxd6 Bxc3 15. bxc3 Ke7 16. Rb6 Bc6 17.
Bc4 Rac8 18. Rd1 Rc7 19. Kb2 h5 20. g5 h4 21. Bd3 Rd7 22. Rg1 Kd6 23. f4 Kc5 24. Rb4 b5 25. Ka3 a5 26.
Rbb1 Ra7 27. Kb2 b4 28. a3 Rb8 29. cxb4+ axb4 30. axb4+ Rxb4+ 31. Kc3 Ra3+ 32. Kd2 Rd4 33. Rge1 Rd8 34.
Re3 Ra5 35. f5 Kd4 36. g6 fxg6 37. fxe6 Rg5 38. Rb4+ Ke5 39. Rc4 Rg2+ 40. Kc3 Be8 41. e7 Rd7 42. Rh3 g5 43. Rc5+ Kf4 44.
Rf5+ Kg4 45. Bf1 Rc7+ 46. Kb3 Kxh3 47. Rf3 Kxh2 0-1

[Event "The Kvibergspelen 2023"]
[Site "Kviberg Park Hotel & Conference, Krutvagen 2, Gothenburg, Sweden"]
[Date "2023.09.15"]
[Round "4.9"]
[White "Reimanis, Ritvars"]
[Black "Zachrisson, Mattias"]
[Result "1-0"]
[TimeControl "15 minutes + 5 seconds per move from move one (Round 1 - 4) / 90 minutes + 30 seconds per move from move one (Round 5 - 8)"]
[WhiteTitle "IM"]
[WhiteFideId "11602988"]
[BlackFideId "1708384"]
[WhiteElo "2361"]
[BlackElo "2104"]

1. d4 Nf6 2. Nf3 g6 3. c4 Bg7 4. Nc3 O-O 5. e4 d6 6. Be2 e5 7. O-O Nbd7 8. Be3 Ng4 9. Bg5 f6 10. Bh4 c6 11. dxe5 dxe5 12. Qd6 Nh6 13. Rfd1 Nf7 14. Qa3 h5 15.
h3 g5 16. Bg3 h4 17. Bh2 Re8 18. c5 Bf8 19. b4 b6 20. cxb6 Qxb6 21. Rab1 a5 22. Qa4 Nd8 23. b5 Nc5 24. Qc2 Bd7 25. bxc6 Qxc6 26. Bc4+ Kg7 27. Bd5 Qa6 28.
Bxa8 Qxa8 29. Rd2 Nde6 30. Nd5 Ba4 31.
Qc4 Rc8 32. Nb6 Nxe4 33. Qxc8 Qxc8 34. Nxc8 Nxd2 35. Nxd2 Nd4 36. Rb7+ Kg6 37. Nb3 Ne2+ 38. Kf1 Nc3 39. Ne7+ Kh5 40. Nc5 Bb5+ 41. Ke1 Bc4 42. a3 Nb5 43. Ne4 Bg7 44.
Nf5 1-0

[Event "The Kvibergspelen 2023"]
[Site "Kviberg Park Hotel & Conference, Krutvagen 2, Gothenburg, Sweden"]
[Date "2023.09.15"]
[Round "4.10"]
[White "Hamark, Jesper"]
[Black "Mashhadi, Peyman"]
[Result "1/2-1/2"]
[TimeControl "15 minutes + 5 seconds per move from move one (Round 1 - 4) / 90 minutes + 30 seconds per move from move one (Round 5 - 8)"]
[WhiteFideId "1704338"]
[BlackFideId "1768581"]
[WhiteElo "2342"]
[BlackElo "2112"]

1. e4 e6 2. d4 d5 3. e5 c5 4. c3 Nc6 5. Nf3 Qb6 6. Bd3 Bd7 7. dxc5 Bxc5 8. O-O a5 9. Qe2 Nge7 10.
Nbd2 a4 11. b4 axb3 12. Nxb3 Ng6 13. h4 f6 14. exf6 gxf6 15. c4 Nb4 16. h5 Nxd3 17. Qxd3 Ne7 18. Bb2 Kf7 19. Qc3 e5 20.
cxd5 Bb4 21. Qc1 Rhg8 22. Qh6 Nf5 23. Nxe5+ Ke7 24. Qxh7+ Rg7 25. Nxd7 Rxh7 26. Nxb6 Rg8 27. d6+ Kf7 28.
g3 Rxh5 29. Kg2 Nh4+ 30. Kg1 Nf3+ 31. Kg2 Nh4+ 32. Kg1 Nf3+ 33. Kg2 Nh4+ 34. Kg1 1/2-1/2

[Event "The Kvibergspelen 2023"]
[Site "Kviberg Park Hotel & Conference, Krutvagen 2, Gothenburg, Sweden"]
[Date "2023.09.15"]
[Round "4.11"]
[White "Jarlskov, Daniel Tuk Hartso"]
[Black "Pedersen, Daniel Vesterbaek"]
[Result "1/2-1/2"]
[TimeControl "15 minutes + 5 seconds per move from move one (Round 1 - 4) / 90 minutes + 30 seconds per move from move one (Round 5 - 8)"]
[BlackTitle "FM"]
[WhiteFideId "1463896"]
[BlackFideId "1402161"]
[WhiteElo "2038"]
[BlackElo "2163"]

1. d4 Nf6 2. c4 e6 3. Nf3 d5 4. g3 Be7 5. Bg2 O-O 6. O-O dxc4 7. Ne5 Nc6 8. Bxc6 bxc6 9. Nxc6 Qe8 10.
Nxe7+ Qxe7 11. Qa4 e5 12. dxe5 Qxe5 13. Qxc4 Ne4 14. Nc3 Nxc3 15. Qxc3 Qxe2 16. Re1 Qh5 17. Bf4 Bb7 18. Rad1 Rae8 1/2-1/2

[Event "The Kvibergspelen 2023"]
[Site "Kviberg Park Hotel & Conference, Krutvagen 2, Gothenburg, Sweden"]
[Date "2023.09.15"]
[Round "4.12"]
[White "Hansen, Sune Berg"]
[Black "Frank, Anton"]
[Result "1/2-1/2"]
[TimeControl "15 minutes + 5 seconds per move from move one (Round 1 - 4) / 90 minutes + 30 seconds per move from move one (Round 5 - 8)"]
[WhiteTitle "GM"]
[WhiteFideId "1400266"]
[BlackFideId "1752383"]
[WhiteElo "2512"]
[BlackElo "2018"]

1. Nf3 c5 2. c4 Nc6 3. d4 cxd4 4.
Nxd4 Nf6 5. Nc3 e6 6. a3 Bc5 7. Nb3 Bb6 8. Bf4 e5 9. Bg3 d6 10. e3 Be6 11. Bh4 h6 12. Nd2 g5 13.
Bg3 h5 14. h4 g4 15. Be2 Ne7 16. Bd3 Nf5 17. Bxf5 Bxf5 18. Qe2 Qe7 19. Rd1 Rc8 20.
b3 Bc2 21. Rc1 Bf5 22. e4 Be6 23. f3 Bd4 24. Bf2 Bxf2+ 25. Qxf2 a6 26. a4 Nd7 27. Qe3 Nc5 28. a5 f5 29.
exf5 Bxf5 30. O-O g3 31. Qg5 Qxg5 32. hxg5 Kf7 33. f4 e4 34. Rce1 Rhe8 35. Nd5 Re6 36.
Re3 Rce8 37. Nc7 R8e7 38. Nxe6 Rxe6 39. Rc1 h4 40. Rcc3 Kg6 41. Kf1 Nd3 42. b4 Nxb4 43. c5 d5 44. Rb3 Nc2 45. Rec3 e3 46. Rxe3 Nxe3+ 47. Kg1 Nc4 48. Nf3 Bg4 49. Nxh4+ Kh5 50. Nf3 Bxf3 51. gxf3 Re7 52. Kg2 Kh4 53. g6 Re2+ 54. Kg1 Re7 55. Rd3 Nxa5 56. Rxd5 Re1+ 57. Kg2 Re2+ 58. Kg1 Re1+ 59. Kg2 Re2+ 60. Kg1 1/2-1/2

[Event "The Kvibergspelen 2023"]
[Site "Kviberg Park Hotel & Conference, Krutvagen 2, Gothenburg, Sweden"]
[Date "2023.09.15"]
[Round "4.13"]
[White "Bengtsson, Siv"]
[Black "Olsson, William"]
[Result "0-1"]
[TimeControl "15 minutes + 5 seconds per move from move one (Round 1 - 4) / 90 minutes + 30 seconds per move from move one (Round 5 - 8)"]
[BlackTitle "FM"]
[WhiteFideId "1701673"]
[BlackFideId "1741721"]
[WhiteElo "1995"]
[BlackElo "2376"]

1. e4 c5 2. Nf3 d6 3.
d4 cxd4 4. Nxd4 Nf6 5. Nc3 g6 6. Be3 Bg7 7.
f3 O-O 8. Bc4 Nc6 9. Qd2 Bd7 10. O-O-O Rc8 11. Bb3 Ne5 12. Kb1 Nc4 13. Bxc4 Rxc4 14. g4 b5 15. g5 Nh5 16. Nce2 a5 17.
Ng3 Qc8 18. Nxh5 gxh5 19. Qd3 e6 20. Ne2 d5 21. Nf4 Bc6 22. exd5 Bxd5 23. Nxd5 exd5 24. f4 Re8 25. Rhe1 Rce4 26.
Bd2 Qc5 27. c3 b4 28. cxb4 axb4 29. Rc1 Rxe1 30. Bxe1 Qd6 31. f5 Be5 32. h4 h6 33. gxh6 Bf6 34. Qg3+ Qxg3 35. Bxg3 Re3 36.
Bd6 b3 37. axb3 Rxb3 38. Rc8+ Kh7 39. Rb8 Rxb8 40. Bxb8 Bxh4 41. Bf4 Bf2 42. b4 h4 43. b5 Bg3 0-1

[Event "The Kvibergspelen 2023"]
[Site "Kviberg Park Hotel & Conference, Krutvagen 2, Gothenburg, Sweden"]
[Date "2023.09.15"]
[Round "4.14"]
[White "Lundberg, Roland"]
[Black "Jacobsen, Mikkel Manosri"]
[Result "0-1"]
[TimeControl "15 minutes + 5 seconds per move from move one (Round 1 - 4) / 90 minutes + 30 seconds per move from move one (Round 5 - 8)"]
[BlackTitle "FM"]
[WhiteFideId "1710656"]
[BlackFideId "1444514"]
[WhiteElo "1930"]
[BlackElo "2313"]

1. e4 c6 2. Nf3 d5 3. Nc3 Bg4 4. h3 Bxf3 5. Qxf3 e6 6. d4 Nf6 7. Bg5 Be7 8. e5 Nfd7 9. Bxe7 Qxe7 10. Qg3 O-O 11. O-O-O b5 12. Bd3 a5 13. f4 Kh8 14.
f5 exf5 15. Bxf5 Na6 16. Qg4 Nb6 17. Rd3 g6 18. Rg3 Nc4 19. Re1 Nc7 20. Bd7 f5 21. exf6 Qxe1+ 22. Nd1 Rxf6 23. b3 Qd2+ 24.
Kb2 0-1

[Event "The Kvibergspelen 2023"]
[Site "Kviberg Park Hotel & Conference, Krutvagen 2, Gothenburg, Sweden"]
[Date "2023.09.15"]
[Round "4.15"]
[White "Hansen, Lars"]
[Black "Berg, Roy"]
[Result "1-0"]
[TimeControl "15 minutes + 5 seconds per move from move one (Round 1 - 4) / 90 minutes + 30 seconds per move from move one (Round 5 - 8)"]
[WhiteFideId "1402528"]
[BlackFideId "1711458"]
[WhiteElo "2188"]
[BlackElo "1954"]

1. e4 c6 2. d4 d5 3. exd5 cxd5 4. Bd3 Nc6 5. c3 Nf6 6. Bf4 Bg4 7. Qb3 Qd7 8. Nd2 e6 9. Ngf3 Bxf3 10.
Nxf3 Bd6 11. Bg3 O-O 12. O-O Rab8 13.
Rfe1 Bxg3 14. hxg3 Qc7 15. Qc2 h6 16. Qe2 Nd7 17. g4 Qf4 18. Nd2 e5 19. Bf5 Rbd8 20. g3 Qg5 21. Nf3 Qe7 22.
Bxd7 Rxd7 23. Nxe5 Re8 24. Qb5 a6 25. Qa4 Nxe5 26. Rxe5 Qd8 27. Rae1 Rf8 28. Qb4 Qf6 29. Qxf8+ 1-0

[Event "The Kvibergspelen 2023"]
[Site "Kviberg Park Hotel & Conference, Krutvagen 2, Gothenburg, Sweden"]
[Date "2023.09.15"]
[Round "4.16"]
[White "Nilsson, Oliver"]
[Black "Nygren, Kim"]
[Result "0-1"]
[TimeControl "15 minutes + 5 seconds per move from move one (Round 1 - 4) / 90 minutes + 30 seconds per move from move one (Round 5 - 8)"]
[BlackTitle "CM"]
[WhiteFideId "1730177"]
[BlackFideId "1706136"]
[WhiteElo "1924"]
[BlackElo "2171"]

1. e4 e6 2. d3 c5 3. Nf3 Nc6 4.
g3 d5 5.
Nbd2 g6 6. Bg2 Bg7 7. O-O Nge7 8. c3 O-O 9. Re1 b5 10. Nf1 Bb7 11. exd5 Nxd5 12. d4 cxd4 13. Nxd4 Nxd4 14. cxd4 Qb6 15. Be3 Rad8 16. Qb3 Nxe3 17.
fxe3 Bxg2 18. Kxg2 Qb7+ 19. Kg1 e5 20. a4 exd4 21. Qxb5 Qe4 22. Nd2 Qc2 23. Nc4 dxe3 24. Nxe3 Bd4 25.
Kh1 Bxe3 26. Rxe3 Rd2 27. Qf1 Rxh2+ 28. Kg1 Qxb2 29. Rb1 Qd4 30. Rbe1 Ra2 31. Kh1 Qxa4 32. Qf6 Qg4 33. Qh4 Qxh4+ 34. gxh4 Ra4 35. h5 Rh4+ 36.
Kg2 Rxh5 0-1

[Event "The Kvibergspelen 2023"]
[Site "Kviberg Park Hotel & Conference, Krutvagen 2, Gothenburg, Sweden"]
[Date "2023.09.15"]
[Round "4.17"]
[White "Frisk, Ellinor"]
[Black "Schriever-Abeln, Marius"]
[Result "1/2-1/2"]
[TimeControl "15 minutes + 5 seconds per move from move one (Round 1 - 4) / 90 minutes + 30 seconds per move from move one (Round 5 - 8)"]
[WhiteTitle "WIM"]
[WhiteFideId "1708481"]
[BlackFideId "1752650"]
[WhiteElo "2166"]
[BlackElo "1936"]

1. c4 e6 2. g3 Nf6 3. Bg2 d5 4. Nf3 Be7 5. O-O O-O 6. d4 dxc4 7. Qa4 a6 8. Qxc4 b5 9. Qc2 Bb7 10.
Bd2 Nbd7 11. Ba5 Bd6 12. Nbd2 Rc8 13. a3 Qe7 14. b4 e5 15. dxe5 Nxe5 16. Nxe5 Bxg2 17. Kxg2 Bxe5 18. Rac1 Rfd8 19. Nb3 Bd6 20.
Rfd1 Re8 21. e3 Ne4 22. f3 Nf6 23. e4 h5 24. Nd4 g6 25. Nc6 Qe6 26. Nd4 Qe7 27. Qc6 h4 28. Qc2 hxg3 29.
hxg3 Nh5 30. Ne2 Qe5 31. Qc3 Qg5 32. Qe1 f5 33. Rd5 Qe7 34. Qd2 fxe4 35. f4 e3 36. Qd4 Qg7 37. Qxg7+ Nxg7 38.
Kf3 Kf7 39. Rd3 Nf5 40. g4 Ng7 41. Rxe3 Rxe3+ 42. Kxe3 Re8+ 43. Kf3 Re7 44. Nd4 Ne6 45.
Nc6 Rd7 46. Nb8 Rd8 47. Nxa6 Bxf4 48.
Bxc7 Bxc1 49. Bxd8 Nxd8 50. Nc7 Bxa3 51. Nxb5 Bxb4 52. Nd4 Kf6 53. Ne2 Ne6 54. Ng3 Ng5+ 55. Ke2 Ke5 56. Kf2 Kf4 57.
Nh5+ Kxg4 58. Nf6+ Kf5 59. Nd5 Bc5+ 60. Kg3 Ne4+ 61. Kf3 g5 62. Kg2 g4 63. Kf1 Ke5 64. Nc7 Bb6 65.
Nb5 Kf4 66. Kg2 g3 67. Na3 Nd6 68. Nc2 Nf5 69. Ne1 Ne3+ 70. Kh3 Ba5 71. Nd3+ Kf3 72. Ne5+ Kf2 73. Nd3+ Kf3 74. Ne5+ Ke4 75. Kxg3 Kxe5 76. Kf3 Kd4 77. Kf4 Bc7 78. Kf3 Kd3 79. Kf2 Bf4 80. Kf3 Bd6 81. Kf2 Ke4 82. Kg1 Kf3 83.
Kh1 Ng4 84. Kg1 Nf2 85. Kf1 Bh2 86.
Ke1 Ne4 87. Kd1 Ke3 88. Kc2 Bd6 89. Kb3 Kd3 90. Ka4 Kc4 91.
Ka5 Nc3 92. Kb6 Bc5+ 93. Kc6 Na4 94. Kb7 Kb5 95. Kc7 Ba3 96. Kb7 Bd6 97. Ka7 Kc6 98. Ka8 Nc5 99. Ka7 Bc7 100. Ka8 Nd7 101.
Ka7 Nb6 102. Ka6 Bb8 103. Ka5 Nd5 104. Ka4 Kc5 105. Kb3 Nb4 106. Kc3 Bf4 107. Kb3 Be3 108.
Kc3 Bf4 109. Kb3 Bd2 110. Ka4 Nc2 111. Kb3 Nd4+ 112. Ka4 Kc4 113. Ka3 Kb5 114. Kb2 Kb4 115. Ka2 Bc1 116. Kb1 Bd2 117. Kb2 Kc4 118. Ka3 Kb5 119. Kb2 Kb4 120. Ka2 Nb3 121.
Kb2 Nd4 122. Ka2 Ka4 123. Kb2 Kb4 124.
Ka2 Nb3 125. Kb2 Nd4 126. Ka2 Kc3 127.
Ka3 Kc4 128. Ka4 Bc3 129. Ka3 Nc2+ 130. Ka4 Nd4 131. Ka3 Bd2 132. Ka4 Be1 133. Ka3 Kb5 134. Kb2 Bd2 135. Ka3 Ka5 136. Kb2 Kb4 137. Ka2 Nb3 138. Kb2 Bc1+ 139. Kc2 Kc4 140. Kd1 Kd3 141. Ke1 Be3 142. Kf1 Nd4 143. Kg2 1/2-1/2

[Event "The Kvibergspelen 2023"]
[Site "Kviberg Park Hotel & Conference, Krutvagen 2, Gothenburg, Sweden"]
[Date "2023.09.15"]
[Round "4.18"]
[White "Wiklund, Johan"]
[Black "Ljung, Harald"]
[Result "0-1"]
[TimeControl "15 minutes + 5 seconds per move from move one (Round 1 - 4) / 90 minutes + 30 seconds per move from move one (Round 5 - 8)"]
[WhiteFideId "1713817"]
[BlackFideId "1738178"]
[WhiteElo "1915"]
[BlackElo "2164"]

1. Nf3 Nf6 2. c4 e6 3. Nc3 d5 4. d4 Be7 5. Bf4 O-O 6. e3 c6 7. c5 b6 8. b4 a5 9. a3 Ba6 10.
Bxa6 Nxa6 11. Rb1 Nh5 12. Be5 f6 13. Bg3 Nxg3 14. hxg3 Qc7 15. Na4 bxc5 16. bxc5 Rab8 17. Rb6 Rxb6 18.
Nxb6 Rb8 19. Qd3 Bxc5 20. dxc5 Nxc5 21. Qxh7+ Kf7 22. Nh4 Rxb6 23. Qg6+ Kf8 24.
Nf3 Qf7 25. Rh8+ Ke7 26. Qc2 Nd7 27.
a4 Kd6 28. Nd4 Ne5 29. Nb3 Nc4 30. Nd4 Qb7 31. Qg6 Rb1+ 32. Ke2 Qb2+ 33. Kf3 Ne5+ 0-1

[Event "The Kvibergspelen 2023"]
[Site "Kviberg Park Hotel & Conference, Krutvagen 2, Gothenburg, Sweden"]
[Date "2023.09.15"]
[Round "4.19"]
[White "Strom-Engdahl, Alexander"]
[Black "Kashwan, Hassan"]
[Result "1-0"]
[TimeControl "15 minutes + 5 seconds per move from move one (Round 1 - 4) / 90 minutes + 30 seconds per move from move one (Round 5 - 8)"]
[WhiteFideId "1741586"]
[BlackFideId "137122555"]
[WhiteElo "2164"]
[BlackElo "1901"]

1. e4 c5 2. Nf3 d6 3.
Bb5+ Nc6 4. O-O e6 5. Re1 Bd7 6. d4 cxd4 7. Nxd4 Qb6 8. Be3 Qc7 9. Nc3 Nf6 10. f4 Be7 11. Qf3 O-O 12.
Bd3 Nxd4 13. Bxd4 e5 14. Be3 Bc6 15. g4 Nd7 16. f5 Nc5 17. g5 Rfe8 18. Bxc5 dxc5 19. g6 fxg6 20. fxg6 Rf8 21.
Qh3 h6 22. Rf1 Rf6 23. Rxf6 Bxf6 24. Bc4+ Kh8 25. Rd1 b5 26. Bxb5 Bxb5 27. Nxb5 Qb6 28. Nd6 Bg5 29. Qe6 c4+ 30.
Kh1 Rf8 31. Nf7+ Kg8 32. Nxg5+ Qxe6 33. Nxe6 1-0

[Event "The Kvibergspelen 2023"]
[Site "Kviberg Park Hotel & Conference, Krutvagen 2, Gothenburg, Sweden"]
[Date "2023.09.15"]
[Round "4.20"]
[White "Nordenbaek, Jan"]
[Black "Stenman, Christoffer"]
[Result "0-1"]
[TimeControl "15 minutes + 5 seconds per move from move one (Round 1 - 4) / 90 minutes + 30 seconds per move from move one (Round 5 - 8)"]
[WhiteFideId "1401475"]
[BlackFideId "1713604"]
[WhiteElo "2163"]
[BlackElo "1896"]

1. e4 c5 2. Nf3 Nc6 3. Nc3 g6 4. d4 cxd4 5.
Nxd4 Bg7 6. Be3 d6 7. Qd2 Nf6 8.
f3 O-O 9. g4 Nxd4 10. Bxd4 Be6 11.
O-O-O Nd7 12. Bxg7 Kxg7 13. h4 h6 14. Be2 Qa5 15. a3 Rfc8 16. f4 f6 17. g5 hxg5 18. hxg5 fxg5 19. f5 Bf7 20. Qxg5 Rh8 21. Qxe7 Rxh1 22. Rxh1 Ne5 23. fxg6 Nxg6 24. Bc4 Nxe7 0-1

[Event "The Kvibergspelen 2023"]
[Site "Kviberg Park Hotel & Conference, Krutvagen 2, Gothenburg, Sweden"]
[Date "2023.09.16"]
[Round "5.1"]
[White "Holm, Kristian Stuvik"]
[Black "Sivuk, Vitaly"]
[Result "1/2-1/2"]
[TimeControl "15 minutes + 5 seconds per move from move one (Round 1 - 4) / 90 minutes + 30 seconds per move from move one (Round 5 - 8)"]
[WhiteTitle "IM"]
[BlackTitle "GM"]
[WhiteFideId "1508083"]
[BlackFideId "14116502"]
[WhiteElo "2488"]
[BlackElo "2461"]

1. c4 Nf6 2. Nc3 e5 3. Nf3 Nc6 4. g3 d5 5. cxd5 Nxd5 6. Bg2 Nf6 7. b4 a6 8. a3 h6 9. O-O Bg4 10.
Bb2 Qd7 11. Rc1 Bh3 12. Na4 Bxg2 13. Kxg2 Qd5 14. d3 Qe6 15. e4 Rd8 16. Qc2 Be7 17. Rfe1 O-O 18. Rcd1 Rd7 19. Qc4 Qxc4 20.
dxc4 Rxd1 21. Rxd1 Nxe4 22. Nxe5 Nxe5 23.
Bxe5 b5 24. Nc3 Nxc3 25. Bxc3 bxc4 26. Rd4 c5 1/2-1/2

[Event "The Kvibergspelen 2023"]
[Site "Kviberg Park Hotel & Conference, Krutvagen 2, Gothenburg, Sweden"]
[Date "2023.09.16"]
[Round "5.2"]
[White "Seo, Jung Min"]
[Black "Golubka, Petro"]
[Result "1/2-1/2"]
[TimeControl "15 minutes + 5 seconds per move from move one (Round 1 - 4) / 90 minutes + 30 seconds per move from move one (Round 5 - 8)"]
[WhiteTitle "IM"]
[BlackTitle "GM"]
[WhiteFideId "1734687"]
[BlackFideId "14114224"]
[WhiteElo "2462"]
[BlackElo "2439"]

1. d4 d5 2. c4 e6 3. Nf3 a6 4. cxd5 exd5 5. Nc3 Nf6 6. Bg5 Be6 7. e3 Nbd7 8. Bd3 Bd6 9. h3 c6 10.
Bf4 Qb8 11. Bxd6 Qxd6 12. Qc2 g6 13. O-O O-O 14. Rac1 Rfc8 15. Rfd1 Qe7 16. a3 Ne8 17. Na4 Nef6 18. b4 a5 19.
Nc5 axb4 20. axb4 b6 21. Nxd7 Nxd7 22. Qd2 c5 23. dxc5 bxc5 24. bxc5 Nxc5 25. Nd4 Qg5 26. Nxe6 Nxe6 27.
Rxc8+ Rxc8 28. Bf1 Rc5 29. g3 d4 30. exd4 Qxd2 31. Rxd2 Rd5 32. Kg2 Rxd4 33. Rxd4 Nxd4 34. h4 h6 35.
Bd3 f5 36. f4 Kg7 37. Kf2 Kf6 38. Ke3 Ne6 39. Be2 g5 40. hxg5+ hxg5 41. fxg5+ Kxg5 42. Bc4 f4+ 43. gxf4+ Nxf4 44.
Kd2 Nd3 45. Be6 Kf6 46. Bf5 Kxf5 47. Kxd3 Ke5 48. Ke4+ 1/2-1/2

[Event "The Kvibergspelen 2023"]
[Site "Kviberg Park Hotel & Conference, Krutvagen 2, Gothenburg, Sweden"]
[Date "2023.09.16"]
[Round "5.3"]
[White "Kistrup, Nicolai"]
[Black "Akesson, Ralf"]
[Result "1/2-1/2"]
[TimeControl "15 minutes + 5 seconds per move from move one (Round 1 - 4) / 90 minutes + 30 seconds per move from move one (Round 5 - 8)"]
[WhiteTitle "FM"]
[BlackTitle "GM"]
[WhiteFideId "1444816"]
[BlackFideId "1700120"]
[WhiteElo "2359"]
[BlackElo "2410"]

1. d4 e6 2. e4 d5 3. Nc3 dxe4 4. Nxe4 Bd7 5. Nf3 Bc6 6. Bd3 Nd7 7. O-O Ngf6 8. Ned2 Be7 9. c3 O-O 10.
Qe2 Bxf3 11. Nxf3 c5 12. Bf4 Nh5 13. Be3 g6 14. Rad1 Qc7 15. Bc2 Rad8 16. dxc5 Bxc5 17. Bg5 Ndf6 18.
Qe5 Qxe5 19. Nxe5 Bd6 20. f4 Bc5+ 21. Kh1 Rxd1 22. Rxd1 Nd5 23. Nd7 Rc8 24. Be4 Rc7 25. Nxc5 Rxc5 26.
g3 f6 27. Bh6 Kf7 28. Rd4 b5 29. Kg2 f5 30. Bf3 Nhf6 31. Bg5 Ne8 32. b4 Rxc3 33. Bxd5 exd5 34. Rxd5 Nf6 35. Rxb5 Rc2+ 36.
Kg1 Rxa2 37. Rb7+ Ke6 38. Bxf6 Kxf6 39. Rxh7 a5 40. bxa5 Rxa5 41. Rb7 Ra1+ 42. Kg2 Ra2+ 43. Kh3 Rc2 44.
Rb1 Kg7 45. Rg1 g5 46. fxg5 Kg6 47. Rg2 Rc3 48. Ra2 Kxg5 49. Kg2 Rc5 50. h4+ Kf6 51. Ra6+ Kg7 52. Kf3 Rc4 53. Rd6 Ra4 54.
Ke3 Rg4 55. Kf3 Kf7 56. h5 Kg7 57. h6+ Kh7 58. Rf6 Ra4 59. Rxf5 1/2-1/2

[Event "The Kvibergspelen 2023"]
[Site "Kviberg Park Hotel & Conference, Krutvagen 2, Gothenburg, Sweden"]
[Date "2023.09.16"]
[Round "5.4"]
[White "Ramsdal, Jens Albert"]
[Black "Thorn, Eric"]
[Result "1-0"]
[TimeControl "15 minutes + 5 seconds per move from move one (Round 1 - 4) / 90 minutes + 30 seconds per move from move one (Round 5 - 8)"]
[WhiteTitle "FM"]
[BlackTitle "FM"]
[WhiteFideId "1429221"]
[BlackFideId "1710729"]
[WhiteElo "2391"]
[BlackElo "2390"]

1. d4 d5 2. c4 dxc4 3. e3 b5 4. a4 b4 5. Bxc4 Nf6 6. Nf3 e6 7. O-O Be7 8. Ne5 Bb7 9. a5 O-O 10.
Nd2 a6 11. Ndf3 c5 12. Qb3 Bd5 13. Rd1 Qc7 14. Bxd5 Nxd5 15. e4 Nf6 16. Bf4 Nh5 17. Be3 cxd4 18. Bxd4 Qb7 19. Bb6 Qxe4 20.
Rd4 Qe2 21. Rc4 Nd7 22. Nxd7 Rfc8 23. Rac1 Rxc4 24. Qxc4 Qxb2 25. Bd4 Qa3 26. Ra1 1-0

[Event "The Kvibergspelen 2023"]
[Site "Kviberg Park Hotel & Conference, Krutvagen 2, Gothenburg, Sweden"]
[Date "2023.09.16"]
[Round "5.5"]
[White "Cederstam, Carl"]
[Black "Reimanis, Ritvars"]
[Result "1/2-1/2"]
[TimeControl "15 minutes + 5 seconds per move from move one (Round 1 - 4) / 90 minutes + 30 seconds per move from move one (Round 5 - 8)"]
[WhiteTitle "FM"]
[BlackTitle "IM"]
[WhiteFideId "1713329"]
[BlackFideId "11602988"]
[WhiteElo "2232"]
[BlackElo "2361"]

1. c4 e5 2. g3 Nf6 3. Bg2 Bc5 4. d3 O-O 5. Nf3 Re8 6. O-O Nc6 7. Nc3 d5 8. cxd5 Nxd5 9. Nxd5 Qxd5 10.
Ng5 Qd7 11. Qc2 Be7 12. Qc4 Bxg5 13. Bxg5 Nd4 14. Rae1 Qg4 15. Be3 c6 16. f3 Qe6 17. Bf2 Qxc4 18. dxc4 Be6 19. b3 Rad8 20.
e3 Nc2 21. Re2 Nb4 22. Be1 Na6 23. Bc3 f6 24. Rc1 Bf5 25. e4 Bc8 26. f4 Nc5 27. f5 b6 28. Rd2 Rxd2 29. Bxd2 Rd8 30.
Be3 Na6 31. c5 Nxc5 32. Bxc5 bxc5 33. Rxc5 Rd1+ 34. Kf2 Rd2+ 35. Kg1 Rxa2 36. Rxc6 Bd7 37.
Rc7 Bb5 38. Rc8+ Kf7 39. Rc7+ Kf8 40. Rc8+ Ke7 41. Rg8 Kf7 42. Rb8 Bc6 43. Rc8 Bd7 44. Rd8 Be8 45. Bf1 Ke7 46. Rc8 Rd2 47.
Bc4 g6 48. Be6 a5 49. Rc7+ Kd6 50. Rc8 Ke7 51. Rc7+ Kd6 52. Rc8 Ke7 1/2-1/2

[Event "The Kvibergspelen 2023"]
[Site "Kviberg Park Hotel & Conference, Krutvagen 2, Gothenburg, Sweden"]
[Date "2023.09.16"]
[Round "5.6"]
[White "Holm, Ragnar"]
[Black "Larkin, Vladyslav"]
[Result "0-1"]
[TimeControl "15 minutes + 5 seconds per move from move one (Round 1 - 4) / 90 minutes + 30 seconds per move from move one (Round 5 - 8)"]
[BlackTitle "IM"]
[WhiteFideId "1505858"]
[BlackFideId "14152894"]
[WhiteElo "2128"]
[BlackElo "2464"]

1. d4 Nc6 2. Nf3 d6 3. d5 Ne5 4. e4 Nxf3+ 5. Qxf3 Bd7 6. c4 g6 7. Bd2 Bg7 8. Bc3 Nf6 9. h3 O-O 10.
Be2 c6 11. O-O e5 12. dxe6 fxe6 13. Qd3 e5 14. Nd2 Qe7 15. Rad1 Rad8 16. f4 Bh6 17. c5 Bxf4 18. cxd6 Qe8 19.
Nb3 b6 20. Qc4+ Be6 21. Qd3 Nd7 22. g3 Bh6 23. Kg2 Nf6 24. Bd2 Bxd2 25. Rxd2 Kg7 26. g4 Rf7 27. g5 Nd7 28. Qg3 Rxf1 29.
Bxf1 Qf8 30. Nc1 a5 31. a3 Kh8 32. Be2 Qg7 33. b4 axb4 34. axb4 Rf8 35. Nd3 c5 36. bxc5 bxc5 37. Bg4 Bxg4 38.
Qxg4 c4 39. Nf2 Qf7 40. Qg3 Rb8 41. Ng4 Rb3 42. Ne3 c3 43. Rf2 Qe6 44. Nd5 c2 0-1